Selects Airborne Battlegroup
Selects Heavy Machine Gun Paradrop
Heavy Machine Gun Paradrop
Heavy Machine Gun Paradrop
Construct Weapon Support Center
Mechanized Support Center
Selects Paratrooper Squad Paradrop
Construct Weapon Support Center
Paratrooper Squad Paradrop
Paratrooper Squad Paradrop
Improved M9 Bazooka Rockets
Paratrooper Squad Paradrop
M3 Armored Personnel Carrier
Selects Smoke Bombing Run
Selects Anti-tank Gun Team Paradrop
Paratrooper Squad Paradrop